 Dungeon Crawl Stone Soup version 0.23-a0-625-g1d2cd9b (webtiles) character file.

9 Leeroy the Charmwright (level 2, -1/23 HPs)
             Began as a Barachi Skald on Dec 24, 2018.
             Slain by a hobgoblin
             ... wielding a +0 club
              (3 damage)
             ... on level 1 of the Dungeon.
             The game lasted 00:01:04 (166 turns).

Leeroy the Charmwright (Barachi Skald)               Turns: 166, Time: 00:01:04

Health: -1/23      AC:  3    Str: 17    XL:     2   Next: 16%
Magic:  5/5        EV:  9    Int: 13    God:
Gold:   10         SH:  7    Dex: 11    Spells: 4/5 levels left

rFire    . . .     SeeInvis .   a - +0 falchion
rCold    . . .     Gourm    .   l - +0 shield
rNeg     . . .     Faith    .   b - +0 leather armour
rPois    .         Spirit   .   (no helmet)
rElec    .         Reflect  .   (no cloak)
rCorr    .         Harm     .   (no gloves)
MR       .....                  (no boots)
Stlth    +.........             (no amulet)
HPRegen  0.07/turn              (no ring)
MPRegen  0.09/turn              (no ring)

@: mighty, slow
A: +LOS, swims, slowness 1, strong legs 1
a: Hop


You were on level 1 of the Dungeon.
You were not hungry.

You visited 1 branch of the dungeon, and saw 1 of its levels.

You collected 10 gold pieces.

Inventory:

Hand Weapons
 a - a +0 falchion (weapon)
 h - a +0 short sword
Missiles
 e - 16 stones (quivered)
 i - 35 sling bullets
 j - 13 arrows
Armour
 b - a +0 leather armour (worn)
 l - a +0 shield (worn)
 n - a +0 ring mail
Scrolls
 c - a scroll of magic mapping {unknown}
 f - a scroll of fog {unknown}
 k - a scroll of remove curse {unknown}
Potions
 o - a potion of flight {unknown}
Comestibles
 d - a ration
 g - 3 chunks of flesh


   Skills:
 - Level 2.4 Fighting
 * Level 2.9 Long Blades
 - Level 1.2 Armour
 - Level 2.1 Dodging
 - Level 2.1 Spellcasting
 + Level 3.6 Charms


You had 4 spell levels left.
You knew the following spells:

 Your Spells              Type           Power        Failure   Level  Hunger
a - Infusion              Chrm           ##..         43%         1    ##.....

Your spell library contained the following spells:

 Spells                   Type           Power        Failure   Level  Hunger
 Song of Slaying          Chrm           ##......     56%         2    ###....
 Shroud of Golubria       Chrm/Tloc      #.........   83%         2    ###....
 Regeneration             Chrm/Necr      #.........   96%         3    ####...
 Spectral Weapon          Hex/Chrm       #.......     96%         3    ####...


Dungeon Overview and Level Annotations

Branches:
Dungeon (1/15)

Altars:


Innate Abilities, Weirdness & Mutations

Shadows flee at your approach. (+LOS)
You can swim through water.
You cover ground slowly.
You can hop short distances.


Message History

The bat barely misses you. You block the bat's attack.
You barely miss the bat. You block the bat's attack. The bat barely misses you.
You miss the bat. You block the bat's attack.
You closely miss the bat. The bat closely misses you.
You riposte.
You slash the bat!
You kill the bat!
You block the hobgoblin's attack.
You hit the hobgoblin but do no damage. The hobgoblin barely misses you.
You riposte.
You completely miss the hobgoblin.
Your shield prevents you from hitting the hobgoblin.
The hobgoblin hits you with a +0 club.
* * * LOW HITPOINT WARNING * * *
Unknown command.
Your shield prevents you from hitting the hobgoblin.
The hobgoblin hits you but does no damage.
You closely miss the hobgoblin. You block the hobgoblin's attack.
You hit the hobgoblin.
The hobgoblin is heavily wounded.
The hobgoblin hits you with a +0 club.
You die...

##........## #..........#
#..........# #..........#
#..........# ###..........#
###..>........##
####...#..........#
#.hg@###..........#
#########.#### #..........#
.............# #..........#
.............# #..........#
."...........###...รท.....##
........................##
## .............####....####
#.. .............#
####...###..# ........#.####
###.......


You could see a jackal and a hobgoblin.

Vanquished Creatures
  2 goblins (D:1)
  3 jackals (D:1)
  2 bats (D:1)
  A frilled lizard (D:1)
  A kobold (D:1)
9 creatures vanquished.

Notes
Turn   | Place    | Note
-------+----------+-------------------------------------------
     0 | D:1      | Leeroy the Barachi Skald began the quest for the Orb.
     0 | D:1      | Reached XP level 1. HP: 17/17 MP: 3/3
   157 | D:1      | Reached XP level 2. HP: 4/23 MP: 5/5
   166 | D:1      | Slain by a hobgoblin

Vault maps used:
D:1:      dpeg_arrival_round_c

Action                   || total
-------------------------++-------
Melee: Falchion          ||    43
  Use: Potion            ||     1
Armor: Leather armour    ||    17
Dodge: Dodged            ||    30
Block: Shield            ||    14
       Rpst.: Falchion   ||    10

Table legend:
 A = Non-vault XP
 B = Vault XP
 C = Vault XP percentage of total XP
 D = Non-vault monster count
 E = Vault monster count
 F = Vault count percentage of total count
                 A         B        C        D         E       F
            +---------+---------+-------+---------+---------+-------
      Total |      14 |       0 |   0.0 |       9 |       0 |   0.0
            +---------+---------+-------+---------+---------+-------
        D:1 |      14 |       0 |   0.0 |       9 |       0 |   0.0
            +---------+---------+-------+---------+---------+-------
